 Dungeon Crawl Stone Soup version 0.30-a0-1085-g990a428a5c (webtiles) character file.

Game seed: 4524463886792792627

131 Aneyh the Slasher (level 5, -3/34 HPs)
             Began as a Tengu Monk on Apr 16, 2023.
             Slain by a gnoll
             ... wielding a +0 spear
              (7 damage)
             ... on level 2 of the Dungeon.
             The game lasted 00:03:20 (1351 turns).

Aneyh the Slasher (Tengu Monk)                      Turns: 1351, Time: 00:03:21

Health: -3/34      AC:  2    Str: 11    XL:     5   Next: 14%
Magic:  6/6        EV: 16    Int: 11    God:
Gold:   88         SH:  0    Dex: 18    Spells: 4/4 levels left

rFire   . . .      SeeInvis .    a - +0 falchion
rCold   . . .      Faith    .    d - orb {light}
rNeg    . . .      Spirit   .    b - +0 robe
rPois   .          Reflect  .    (helmet restricted)
rElec   .          Rampage  .    (no cloak)
rCorr   .                        (no gloves)
Will    .....                    (boots unavailable)
Stlth   +                        (no amulet)
HPRegen 0.25/turn                (no ring)
MPRegen 0.10/turn                (no ring)

@: flying quickly and evasively, glowing, quick
A: beak, talons 3, nimble flight
a: no special abilities


You were on level 2 of the Dungeon.
You visited 1 branch of the dungeon, and saw 2 of its levels.

You collected 88 gold pieces.

Inventory:

Hand Weapons
 a - a +0 falchion (weapon)
Armour
 b - a +0 robe (worn)
 d - an orb of light (worn)
 k - a +0 ring mail
Jewellery
 i - a ring of wizardry
 l - a ring of flight
Scrolls
 h - 3 scrolls of identify {unknown}
 j - 2 scrolls of immolation {unknown}
Potions
 c - a potion of ambrosia
 e - 2 potions of haste {unknown}
 f - 2 potions of heal wounds {unknown}
 g - 2 potions of brilliance {unknown}


   Skills:
 * Level 4.4 Fighting
 + Level 4.7 Long Blades
 * Level 1.3 Armour
 - Level 3.2 Dodging


You had 4 spell levels left.
You didn't know any spells.
Your spell library was empty.

Dungeon Overview and Level Annotations

Branches:
Dungeon (2/15)

Altars:

Shops:
D:1 [


Innate Abilities, Weirdness & Mutations

You have a beak for a mouth.
You have claws for feet.
Your magical nature lets you fly swiftly and evasively.


Message History

You hit the adder. You peck the adder.
The adder is severely wounded.
The adder closely misses you.
You barely miss the adder. You claw the adder.
You kill the adder!
You have reached level 5!
Your magical nature develops, letting you fly swiftly and evasively.
You hit the gnoll. You claw the gnoll. You peck the gnoll.
The gnoll is almost dead.
The gnoll hits you with a +0 club.
You hit the gnoll.
You kill the gnoll!
You barely miss the hobgoblin.
The gnoll hits you from afar with a +0 spear.
The hobgoblin barely misses you.
You hit the hobgoblin but do no damage. You claw the hobgoblin.
You peck the hobgoblin, but do no damage.
The hobgoblin is heavily wounded.
The gnoll hits you from afar with a +0 spear.
The hobgoblin barely misses you.
You hit the hobgoblin. You peck the hobgoblin.
You kill the hobgoblin!
The gnoll hits you from afar with a +0 spear!
You hit the hobgoblin but do no damage. You claw the hobgoblin.
The hobgoblin is moderately wounded.
The gnoll closely misses you. The hobgoblin hits you.
You hit the hobgoblin.
The hobgoblin is severely wounded.
The hobgoblin barely misses you. The gnoll closely misses you.
You hit the hobgoblin but do no damage. You claw the hobgoblin.
You kill the hobgoblin!
The gnoll hits you from afar with a +0 spear!
* * * LOW HITPOINT WARNING * * *
The gnoll hits you with a +0 spear.
* * * LOW HITPOINT WARNING * * *
Items here: ))) ††††.
You hit the gnoll. Your kick misses the gnoll.
The gnoll is heavily wounded.
The gnoll hits you with a +0 spear!
You die...

####### ###....###
...$... +......'..
#..... ###....### #.....
#....<## #.....
#########....†#.
#.....###......##.....#.
#......##......##.....#.
#g##........####.#.
#.@.........# #.##
####........# #.##
###)##...# #).. #.###
########
#######...#####.....
#.....)..†....#.....
#.........###.#.....
#.........# #....###
#.........# ####....


You could see a gnoll.

Vanquished Creatures
  7 gnolls (D:2)
  An adder (D:2)
  A worm (D:2)
  2 dart slugs
  4 endoplasms
  3 giant cockroaches (D:1)
  6 hobgoblins
  7 jackals (D:1)
  3 quokkas (D:1)
  A ball python (D:2)
  4 frilled lizards
  A goblin (D:1)
  5 kobolds
  4 rats
49 creatures vanquished.

Notes
Turn   | Place    | Note
-------+----------+-------------------------------------------
     0 | D:1      | Aneyh the Tengu Monk began the quest for the Orb.
     0 | D:1      | Reached XP level 1. HP: 14/14 MP: 2/2
    23 | D:1      | Reached XP level 2. HP: 5/19 MP: 3/3
   336 | D:1      | Found a faded altar of an unknown god.
   543 | D:1      | Found Ygolu's Antique Armour Emporium.
   547 | D:1      | Reached XP level 3. HP: 24/24 MP: 4/4
   964 | D:2      | Reached XP level 4. HP: 17/29 MP: 5/5
  1240 | D:2      | Reached skill level 1 in Armour
  1342 | D:2      | Gained mutation: Your magical nature lets you fly swiftly
                  | and evasively. [Tengu growth]
  1342 | D:2      | Reached XP level 5. HP: 32/34 MP: 6/6
  1351 | D:2      | Slain by a gnoll

Illustrated notes

Levels and vault maps discovered:
D:1:      spicycebolla_arrival_xxxplode, layout_loops_ring,
          basic_ecumenical_altar, serial_shops, nicolae_shop_advertising_works
          [nicolae_subvault_shop_adworks]
D:2:      layout_basic

Skill      XL: |  1  2  3  4 |
---------------+-------------+-----
Long Blades    | 4 |  4.7
Fighting       | 4 |  4.4
Armour         | 1 |  1.3
Dodging        | |  3.2

Action                     |  1- 3 |  4- 6 || total
---------------------------+-------+-------++-------
  Melee: Falchion          |    65 |    42 ||   107
         Kick              |    19 |    17 ||    36
         Peck              |     8 |     9 ||    17
 Armour: Robe              |    10 |     1 ||    11
  Dodge: Dodged            |    53 |    27 ||    80

Table legend: (Time is in decaauts)
 A = Elapsed time spent in this place.
 B = Non-inter-level travel time spent in this place.
 C = Inter-level travel time spent in this place.
 D = Time resting spent in this place.
 E = Time spent auto-exploring this place.
 F = Levels seen in this place.
 G = Mean time per level.
                   A        B        C        D        E       F      G
               +--------+--------+--------+--------+--------+-----+--------+
         Total |   1362 |   1335 |     27 |    312 |    771 |   2 |  681.0 |
       Dungeon |   1362 |   1335 |     27 |    312 |    771 |   2 |  681.0 |
               +--------+--------+--------+--------+--------+-----+--------+

Top non-repeatable levels by time:
     D:1: 1026 daAuts
     D:2: 336 daAuts
